 Dungeon Crawl Stone Soup version 0.28.0-53-g5a82cb258f (webtiles) character file.

Game seed: 16710923123034738881

5464 solodx the Skirmisher (level 10, -7/102 HPs)
             Began as a Troll Fighter on June 26, 2022.
             Was a Believer of Qazlal.
             Mangled by a thrashing horror (11 damage)
             ... on level 1 of the Abyss.
             The game lasted 00:23:38 (7009 turns).

solodx the Skirmisher (Troll Fighter)               Turns: 7009, Time: 00:23:39

Health: -7/102     AC:  6    Str: 29 (30) XL:     10   Next: 41%
Magic:  18/18      EV:  9    Int:  7 (10) God:    Qazlal [**....]
Gold:   436        SH: 12    Dex:  7      Spells: 9/9 levels left

rFire   . . .      SeeInvis +   n - +8 woodcutter's axe {vorpal}
rCold   . . .      Faith    .   c - +1 kite shield
rNeg    . . .      Spirit   .   w - +2 robe {Will+}
rPois   .          Reflect  .   (helmet restricted)
rElec   .          Harm     .   (no cloak)
rCorr   .          Rampage  .   (gloves unavailable)
Will    +....                   (boots unavailable)
Stlth   +.........              (no amulet)
HPRegen 1.07/turn               x - +6 ring of intelligence
MPRegen 0.16/turn               q - ring of magical power

@: no status effects
A: large, unfitting armour, claws 3, regeneration 1, shaggy fur 1, tough skin 1,
see invisible, clumsy 1, no potion heal 1
a: Renounce Religion, Upheaval


You were on level 1 of the Abyss.
You worshipped Qazlal.
Qazlal was pleased with you.
You visited 2 branches of the dungeon, and saw 11 of its levels.
You visited the Abyss 1 time.

You collected 436 gold pieces.

Inventory:

Hand Weapons
 a - a +1 war axe of electrocution
 n - the +8 woodcutter's axe (weapon) {vorpal}
   (You found it on level 2 of the Dungeon)

   It inflicts extra damage upon your enemies.
Missiles
 j - 4 throwing nets (quivered)
Armour
 b - a +0 robe
 c - a +1 kite shield (worn)
 w - a +2 robe of willpower (worn)
Jewellery
 o - a ring of willpower
 q - a ring of magical power (right claw)
 u - a ring of fire
 x - a +6 ring of intelligence (left claw)
 C - a ring of poison resistance
 F - an amulet of guardian spirit
Wands
 y - a wand of charming (9)
Scrolls
 g - 2 scrolls of vulnerability {unknown}
 h - a scroll of enchant armour
 i - 3 scrolls of fog
 k - a scroll of brand weapon
 l - 6 scrolls of identify
 m - 2 scrolls of noise {unknown}
 p - 2 scrolls of amnesia {unknown}
 r - 2 scrolls of magic mapping {unknown}
 s - 3 scrolls of teleportation
 t - 2 scrolls of fear {unknown}
 v - a scroll of blinking {unknown}
Potions
 d - a potion of haste
 e - 2 potions of curing
 f - 3 potions of degeneration
 z - a potion of flight
 B - a potion of brilliance
 D - a potion of attraction {unknown}
 E - a potion of resistance {unknown}


   Skills:
 + Level 7.0 Fighting
 + Level 6.0 Axes
 + Level 6.7 Dodging
 + Level 2.9 Stealth
 + Level 6.5 Shields
 + Level 0.6 Evocations


You had 9 spell levels left.
You didn't know any spells.
Your spell library contained the following spells:

 Spells                   Type           Power      Damage    Failure   Level
 Magic Dart               Conj           0%         1d3       69%         1
 Sting                    Tmut/Pois      0%         1d3       69%         1
 Call Imp                 Summ           0%         N/A       83%         2
 Corpse Rot               Necr/Air       0%         N/A       83%         2
 Ensorcelled Hibernation  Hex/Ice        0%         N/A       83%         2
 Poisonous Vapours        Pois/Air       0%         N/A       83%         2
 Static Discharge         Conj/Air       0%         N/A       83%         2
 Gell's Gravitas          Tloc           0%         N/A       96%         3
 Mephitic Cloud           Conj/Pois/Air  0%         N/A       96%         3
 Spider Form              Tmut/Pois      0%         N/A       96%         3
 Summon Guardian Golem    Hex/Summ       0%         N/A       96%         3
 Teleport Other           Tloc           0%         N/A       96%         3
 Anguish                  Hex/Necr       0%         N/A       100%        4
 Olgreb's Toxic Radiance  Pois           0%         N/A       100%        4
 Lightning Bolt           Conj/Air       0%         1d11      100%        5
 Dispersal                Tloc           0%         N/A       100%        6
 Orb of Destruction       Conj           0%         9d5       100%        7
 Spellforged Servitor     Conj/Summ      0%         N/A       100%        7
 Maxwell's Capacitive Co  Air            0%         ∞         100%        8


Dungeon Overview and Level Annotations

Branches:
Dungeon (10/15)            Temple (1/1) D:5
   Lair: D:8-11         Orc: D:9-12

Altars:
Ashenzari
Cheibriados
Dithmenos
Elyvilon
Fedhas
Gozag
Hepliaklqana
Kikubaaqudgha
Makhleb
Nemelex Xobeh
Okawaru
Qazlal
Ru
Trog
Uskayaw
Vehumet
Wu Jian
Xom
Yredelemnul
Zin
The Shining One

Shops:
D:4 :?   D:6 (

Annotations:
D:4 Menkaure
D:10 Psyche


Innate Abilities, Weirdness & Mutations

You are too large for most types of armour.
You have claws for hands.
Your natural rate of healing is unusually fast.
You are covered in fur. (AC +1)
You have tough skin. (AC +1)
You have supernaturally acute eyesight. (SInv)
You are clumsy. (Dex -2)
Potions are less effective at restoring your health.


Message History

The thrashing horror is engulfed in blazing flames.
The thrashing horror barely misses you. The thrashing horror tramples you.
You hold your ground!
The thrashing horror tramples you!
* * * LOW HITPOINT WARNING * * *
You hold your ground!
You block the thrashing horror's attack.
You slice the thrashing horror!!
The thrashing horror is heavily damaged.
The thrashing horror tramples you!
* * * LOW HITPOINT WARNING * * *
You hold your ground!
You block the thrashing horror's attack.
You hit the thrashing horror.
The thrashing horror is severely damaged.
The thrashing horror churns violently!
The thrashing horror seems to grow stronger.
You block the thrashing horror's attack. x2
You block the thrashing horror's attack.
The thrashing horror closely misses you.
You block the thrashing horror's attack.
The thrashing horror tramples you.
* * * LOW HITPOINT WARNING * * *
You hold your ground!
The thrashing horror barely misses you. The thrashing horror tramples you.
* * * LOW HITPOINT WARNING * * *
You hold your ground!
You barely miss the thrashing horror.
The thrashing horror is severely damaged.
You block the thrashing horror's attack.
The thrashing horror tramples you.
* * * LOW HITPOINT WARNING * * *
You hold your ground!
You closely miss the thrashing horror.
The thrashing horror is severely damaged.
The thrashing horror tramples you.
* * * LOW HITPOINT WARNING * * *
You hold your ground!
You block the thrashing horror's attack. x2
The thrashing horror tramples you!
You die...

.. .. # ###.
# ....#....
## .. ..
......###.#
.. .
#...#....# .
#... #..##.#
# . ## #
##....### .
.##
.###..##@X#
. . .
...#...##.##
. .........
....# # #..
.# . #...# .
# .
###..#.#.#
## #
##.....# .##
..# #..#..##
# ... #....#
# . . . ...
..###


You could see a thrashing horror (strong).

Vanquished Creatures
  Harold (D:7)
  A two-headed ogre (D:9)
  A wyvern (D:9)
  A large abomination (Abyss:1)
  2 steam dragons
  4 water moccasins
  2 ice beasts
  3 sky beasts
  A hornet zombie (D:9)
  3 orc warriors
  A necrophage (D:6)
  An ogre (D:5)
  4 centaurs
  A phantom (D:6)
  2 kobold brigands
  2 bullfrogs
  A scorpion (D:6)
  3 water moccasin zombies
  5 wights (D:6)
  8 killer bees
  3 howler monkeys (D:9)
  2 bullfrog zombies
  A centaur zombie (D:7)
  5 hounds
  3 jellies
  Crazy Yiuf (D:3)
  3 orc priests
  A bullfrog skeleton (D:4)
  An iguana (D:2)
  7 orc wizards
  A howler monkey zombie (D:5)
  4 gnolls (D:3)
  4 adders
  3 shadow imps
  4 white imps
  A worm (D:2)
  20 orcs
  7 bats
  5 endoplasms
  4 giant cockroaches
  7 goblins
  6 hobgoblins
  3 jackals (D:2)
  4 quokkas
  9 ball pythons
  5 frilled lizards
  13 kobolds
  3 rats
177 creatures vanquished.

Vanquished Creatures (others)
  A killer bee (D:8)
1 creature vanquished.

Grand Total: 178 creatures vanquished

Notes
Turn   | Place    | Note
-------+----------+-------------------------------------------
     0 | D:1      | solodx the Troll Fighter began the quest for the Orb.
     0 | D:1      | Reached XP level 1. HP: 22/22 MP: 0/0
    96 | D:1      | Noticed a floating eye
    97 | D:1      | Found a faded altar of an unknown god.
   109 | D:1      | Reached XP level 2. HP: 29/29 MP: 1/1
   115 | D:1      | Noticed a floating eye
   119 | D:1      | Noticed an eye of devastation
   128 | D:1      | Noticed an eye of devastation
   691 | D:2      | Reached XP level 3. HP: 36/36 MP: 2/2
   915 | D:2      | Found the +8 woodcutter's axe {vorpal}
  1121 | D:2      | Reached XP level 4. HP: 38/44 MP: 3/3
  1244 | D:3      | Found a runed translucent door.
  1245 | D:3      | Noticed Crazy Yiuf
  1254 | D:3      | HP: 2/44 [Crazy Yiuf/+2 quarterstaff of chaos (15)]
  1255 | D:3      | Killed Crazy Yiuf
  1259 | D:3      | Gained mutation: Potions are less effective at restoring
                  | your health. [potion of mutation]
  1259 | D:3      | Gained mutation: You are clumsy. (Dex -2) [potion of
                  | mutation]
  1259 | D:3      | Gained mutation: You have supernaturally acute eyesight.
                  | (SInv) [potion of mutation]
  1259 | D:3      | HP: 1/44 [poisoned by Crazy Yiuf]
  1506 | D:3      | Reached XP level 5. HP: 50/52 MP: 4/4
  1677 | D:3      | You fall into a shaft and drop 1 floor!
  1712 | D:4      | Found Vine's Magic Scroll Emporium.
  1779 | D:4      | Noticed Menkaure
  1811 | D:4      | Reached skill level 3 in Fighting
  1926 | D:4      | Found Uvagh's Book Boutique.
  2166 | D:4      | Reached XP level 6. HP: 47/61 MP: 5/5
  2270 | D:5      | Entered Level 5 of the Dungeon
  2461 | D:5      | Noticed a water moccasin
  2473 | D:5      | Killed a water moccasin
  2654 | D:5      | Reached XP level 7. HP: 58/67 MP: 6/6
  3032 | D:5      | Reached skill level 1 in Stealth
  3070 | D:5      | Reached skill level 4 in Fighting
  3349 | D:5      | Found a staircase to the Ecumenical Temple.
  3373 | Temple   | Entered the Ecumenical Temple
  3446 | Temple   | Became a worshipper of Qazlal Stormbringer
  3626 | D:6      | Found Seonub's Weapon Shoppe.
  3741 | D:6      | Reached XP level 8. HP: 76/79 MP: 7/7
  3924 | D:6      | Reached skill level 5 in Fighting
  4078 | D:6      | Found a hide-covered altar of Uskayaw.
  4096 | D:6      | Reached skill level 5 in Dodging
  4252 | D:6      | Found a shadowy altar of Dithmenos.
  4311 | D:6      | Reached * piety under Qazlal
  4545 | D:7      | Found an ancient bone altar of Kikubaaqudgha.
  4595 | D:7      | Reached XP level 9. HP: 88/88 MP: 8/8
  4647 | D:7      | Reached skill level 5 in Shields
  4669 | D:7      | Found a snail-covered altar of Cheibriados.
  4707 | D:7      | Noticed Harold
  4720 | D:7      | Killed Harold
  4721 | D:7      | Reached skill level 6 in Fighting
  4721 | D:7      | Reached skill level 5 in Axes
  4751 | D:7      | Found a hazy altar of Hepliaklqana.
  4800 | D:7      | Found an ornate altar of the Wu Jian Council.
  5287 | D:8      | Reached ** piety under Qazlal
  5425 | D:8      | Reached XP level 10. HP: 56/100 MP: 9/9
  5673 | D:8      | Found a basalt altar of Yredelemnul.
  6183 | D:9      | Noticed a two-headed ogre
  6190 | D:9      | Killed a two-headed ogre
  6191 | D:9      | Reached skill level 7 in Fighting
  6923 | D:10     | Entered Level 10 of the Dungeon
  6937 | D:10     | Noticed Psyche
  6942 | D:10     | Cast into level 1 of the Abyss (Psyche)
  6996 | Abyss:1  | Noticed a thrashing horror
  7008 | Abyss:1  | HP: 4/102 [thrashing horror (5)]
  7009 | Abyss:1  | Mangled by a thrashing horror

Illustrated notes

Levels and vault maps discovered:
D:1:      shiori_arrival_elements, layout_basic,
          hellmonk_ecumenical_altar_watching_god, kennysheep_minor_cross,
          kennysheep_pointless_box
D:2:      layout_basic
D:3:      layout_loops_ring, uniq_crazy_yiuf_cottage
D:4:      kennysheep_six_static_rooms, layout_gridville, serial_shops, shop,
          shop, shop_fountains, minmay_unequal, uniq_menkaure
D:5:      layout_basic, minmay_temple_entry_nine_rooms
D:6:      minmay_recursive_quarters, layout_basic,
          mainiacjoe_overflow_six_doors_small, nicolae_uskayaw_dance_hall,
          serial_shops, nicolae_shop_bloodbath_and_beyond
D:7:      layout_rooms, mainiacjoe_overflow_paths,
          mainiacjoe_overflow_surrounded_room,
          mainiacjoe_overflow_cross_hatched, nicolae_wu_jian_wuxing_cycle,
          nicolae_figureground_pulse, uniq_harold
D:8:      layout_rooms, yredelemnul_altar_generic
D:9:      layout_layer_cave
D:10:     layout_rooms, nicolae_sif_muna_condensation, uniq_psyche
Temple:   zaba_magenta_temple
Abyss:1:  base:
D:2

Skill      XL: |  1  2  3  4  5  6  7  8  9 10 |
---------------+-------------------------------+-----
Axes           | 2 3 4 5 6 |  6.0
Dodging        | 3 4 5 6 |  6.7
Shields        | 3 4 6 |  6.5
Fighting       | 3 4 5 6 7 |  7.0
Stealth        | 1 2 |  2.9
Evocations     | |  0.6

Action                   |  1- 3 |  4- 6 |  7- 9 | 10-12 || total
-------------------------+-------+-------+-------+-------++-------
Melee: War axe           |   135 |    89 |   200 |    80 ||   504
Evoke: Wand              |       |     2 |       |     3 ||     5
  Use: Potion            |       |     6 |       |     3 ||     9
       Scroll            |       |     4 |     2 |       ||     6
 Stab: Sleeping          |     1 |     1 |     2 |       ||     4
Armor: Robe              |    53 |    13 |    44 |    14 ||   124
Dodge: Dodged            |    87 |    21 |    67 |    28 ||   203
Block: Kite shield       |    77 |    35 |    85 |    55 ||   252
